 Dungeon Crawl Stone Soup version 0.29.1-2-gbd0b4ee654 (webtiles) character file.

Game seed: 12274600911872351558

1187 Anriel the Slasher (level 8, -4/58 HPs)
             Began as a Demonspawn Gladiator on Nov 28, 2022.
             Was a Follower of Makhleb.
             Succumbed to a water moccasin's poison
             ... on level 5 of the Dungeon.
             The game lasted 00:20:15 (3618 turns).

Anriel the Slasher (Demonspawn Gladiator)           Turns: 3618, Time: 00:20:16

Health: -4/58      AC:  9    Str: 17    XL:     8   Next: 19%
Magic:  7/20       EV:  8    Int: 11    God:    Makhleb [*.....]
Gold:   202        SH:  0    Dex: 15    Spells: 7/7 levels left

rFire   . . .      SeeInvis .   a - +0 long sword (flame)
rCold   . . .      Faith    .   (no shield)
rNeg    . . .      Spirit   +   p - +0 chain mail
rPois   .          Reflect  .   (helmet restricted)
rElec   .          Harm     .   (no cloak)
rCorr   .          Rampage  .   (no gloves)
Will    .....                   (no boots)
Stlth   ..........              j - amulet of guardian spirit
HPRegen 0.19/turn               l - ring of magical power
MPRegen 0.17/turn               (no ring)

@: lethally poisoned (-4 -> -25), attractive, invisible
A: antennae 1, powered by pain 2, big brain 1
a: Renounce Religion


You were on level 5 of the Dungeon.
You worshipped Makhleb.
Makhleb was aware of your devotion.
You visited 2 branches of the dungeon, and saw 6 of its levels.

You collected 202 gold pieces.

Inventory:

Hand Weapons
 a - a +0 long sword of flaming (weapon)
 f - a +0 sling
Missiles
 d - a throwing net
 q - a javelin (quivered)
 t - 3 boomerangs
Armour
 h - a scarf of invisibility
 p - a +0 chain mail (worn)
Jewellery
 j - an amulet of guardian spirit (around neck)
 l - a ring of magical power (left hand)
 v - a ring of wizardry
Wands
 n - a wand of light (6)
 w - a wand of charming (5)
Scrolls
 b - a scroll of immolation {unknown}
 c - a scroll of identify
 m - a scroll of fog
 x - a scroll of amnesia
 y - a scroll of teleportation {unknown}
Potions
 e - a potion of lignification
 i - a potion of heal wounds {unknown}
 k - a potion of magic
 o - a potion of brilliance {unknown}
 r - 2 potions of attraction
 s - 2 potions of flight {unknown}
 u - a potion of mutation {unknown}


   Skills:
 + Level 3.5 Fighting
 + Level 5.3 Long Blades
 + Level 4.4 Throwing
 * Level 4.0 Armour
 + Level 3.4 Dodging
 * Level 4.5 Invocations


You had 7 spell levels left.
You didn't know any spells.
Your spell library contained the following spells:

 Spells                   Type           Power      Damage    Failure   Level
 Apportation              Tloc           0%         N/A       99%         1
 Necrotise                Necr           0%         1d4       99%         1
 Summon Small Mammal      Summ           0%         N/A       99%         1
 Gell's Gravitas          Tloc           0%         N/A       100%        3
 Lesser Beckoning         Tloc           0%         N/A       100%        3
 Summon Guardian Golem    Hex/Summ       0%         N/A       100%        3
 Teleport Other           Tloc           0%         N/A       100%        3
 Summon Lightning Spire   Summ/Air       0%         N/A       100%        4
 Orb of Destruction       Conj           0%         9d5       100%        7
 Spellforged Servitor     Conj/Summ      0%         N/A       100%        7
 Storm Form               Tmut/Air       0%         N/A       100%        7
 Maxwell's Capacitive Co  Air            0%         ∞         100%        8


Dungeon Overview and Level Annotations

Branches:
Dungeon (5/15)             Temple (1/1) D:4

Altars:
Ashenzari
Cheibriados
Dithmenos
Fedhas
Hepliaklqana
Kikubaaqudgha
Makhleb
Nemelex Xobeh
Ru
Sif Muna
Uskayaw
Wu Jian
Xom
Yredelemnul


Innate Abilities, Weirdness & Mutations

You have a pair of small antennae on your head.
You sometimes gain power by taking damage.
You have an unusually large brain. (Int +2)


Message History

You are poisoned.
You hit the water moccasin but do no damage.
The water moccasin is heavily wounded.
You feel sick.
The water moccasin bites you but does no damage.
The water moccasin bites you.
The orc hits you from afar with a +2 trident of venom.
You are more poisoned.
Okay, then.
You feel very sick.
The water moccasin attacks as you move away!
The water moccasin bites you but does no damage.
You feel very sick. The water moccasin bites you.
* * * LOW HITPOINT WARNING * * *
You feel sick.
Okay, then.
As you read the scroll of fog, it crumbles to dust.
The scroll dissolves into smoke.
You feel sick. The water moccasin closely misses you.
The orc hits you from afar with a +2 trident of venom.
* * * LOW HITPOINT WARNING * * *
You are lethally poisoned!
The water moccasin barely misses you.
* * * LOW HITPOINT WARNING * * *
You feel very sick.
Okay, then.
You fade into invisibility!
* * * LOW HITPOINT WARNING * * *
You feel very sick.
The water moccasin bites you but does no damage.
The orc closely misses you.
* * * LOW HITPOINT WARNING * * *
You feel sick. The water moccasin bites you.
* * * LOW HITPOINT WARNING * * *
You are more poisoned.
The water moccasin poisons you!
It was a potion of attraction.
You feel attractive to monsters.
You die...

#########
#.......########
#########
#.###.....§§§S§#
#........
#.###.#.##§§@§o####.o...#
#.##....##§§§§§§§5.##.†.#
#.##..#.##§§§§§##### o..#
#.##.........!.# ~.(#
#.......######## ~.(
####.#### 5.
##.########## ~
#....<.......
#.#†####.....


You could see a water moccasin (unable to see you) and an orc (unable to see
you).

Vanquished Creatures
  Pikel (D:4)
  Menkaure (D:4)
  A black bear (D:4)
  2 scorpions (D:5)
  A hound (D:5)
  2 orc priests
  2 iguanas (D:4)
  Ijyb (D:4)
  2 orc wizards
  4 adders
  4 gnolls
  An ufetubus (D:4)
  A worm (D:2)
  2 dart slugs
  9 orcs
  7 ball pythons
  4 endoplasms
  3 giant cockroaches
  8 goblins
  11 hobgoblins
  7 jackals
  6 quokkas
  4 bats
  4 frilled lizards
  9 kobolds
  4 rats
101 creatures vanquished.

Notes
Turn   | Place    | Note
-------+----------+-------------------------------------------
     0 | D:1      | Anriel the Demonspawn Gladiator began the quest for the
                  | Orb.
     0 | D:1      | Reached XP level 1. HP: 16/16 MP: 1/1
    99 | D:1      | Gained mutation: You sometimes gain a little power by
                  | taking damage. [demonic ancestry]
    99 | D:1      | Reached XP level 2. HP: 11/22 MP: 2/2
   122 | D:1      | Reached skill level 3 in Long Blades
   522 | D:1      | Gained mutation: You have a pair of small antennae on your
                  | head. [demonic ancestry]
   522 | D:1      | Reached XP level 3. HP: 15/24 MP: 3/3
   874 | D:1      | Reached skill level 1 in Armour
  1691 | D:3      | Reached XP level 4. HP: 31/33 MP: 4/4
  1892 | D:3      | Gained mutation: You sometimes gain power by taking damage.
                  | [demonic ancestry]
  1892 | D:3      | Reached XP level 5. HP: 22/39 MP: 5/5
  2450 | D:4      | Found a staircase to the Ecumenical Temple.
  2462 | Temple   | Entered the Ecumenical Temple
  2562 | Temple   | Became a worshipper of Makhleb the Destroyer
  2588 | D:4      | Noticed Ijyb
  2593 | D:4      | Killed Ijyb
  2784 | D:4      | Reached skill level 1 in Invocations
  2804 | D:4      | Gained mutation: You have an unusually large brain. (Int
                  | +2) [demonic ancestry]
  2804 | D:4      | Reached XP level 6. HP: 37/46 MP: 6/6
  2914 | D:4      | Noticed Menkaure
  2929 | D:4      | Killed Menkaure
  2930 | D:4      | Reached skill level 4 in Long Blades
  2996 | D:4      | Noticed Pikel
  3021 | D:4      | Killed Pikel
  3022 | D:4      | Reached skill level 5 in Long Blades
  3022 | D:4      | Reached XP level 7. HP: 26/52 MP: 3/9
  3074 | D:4      | Reached * piety under Makhleb
  3423 | D:4      | Reached XP level 8. HP: 46/58 MP: 11/11
  3561 | D:5      | Entered Level 5 of the Dungeon
  3617 | D:5      | HP: 2/58 [poisoned by an orc]
  3618 | D:5      | Succumbed to a water moccasin's poison

Illustrated notes

Levels and vault maps discovered:
D:1:      dpeg_arrival_simpleton_c, layout_basic, minmay_pentomino_q4
D:2:      layout_rooms, reono_crystal_passage
D:3:      layout_basic, minmay_quadrilaterals
D:4:      layout_loops_cross, minmay_temple_entry_grid, minmay_misc_feat_square,
          st_stairs_13, uniq_pikel, uniq_menkaure, uniq_ijyb
D:5:      layout_loops_cross, nicolae_overflow_hidden_temple, serial_shops,
          kennysheep_mini_moat, amcnicky_mini_pool_medium, uniq_duvessa,
          uniq_blork_the_orc, uniq_edmund, uniq_sigmund
Temple:   kb_temple_of_zot

Skill      XL: |  1  2  3  4  5  6  7  8 |
---------------+-------------------------+-----
Long Blades    | 3 5 |  5.3
Throwing       | 2 3 4 |  4.4
Dodging        | 3 |  3.4
Armour         | 1 2 3 4 |  4.0
Invocations    | 1 3 4 |  4.5
Fighting       | 3 |  3.5

Action                   |  1- 3 |  4- 6 |  7- 9 || total
-------------------------+-------+-------+-------++-------
Melee: Long sword        |    99 |    69 |    51 ||   219
       Punch             |       |     1 |       ||     1
Throw: Javelin           |    27 |    41 |    14 ||    82
       Throwing net      |     1 |     2 |       ||     3
Evoke: Wand              |       |     1 |       ||     1
  Use: Scroll            |    10 |     4 |     1 ||    15
       Potion            |       |     4 |     2 ||     6
 Stab: Held in net/web   |     2 |     1 |       ||     3
       Sleeping          |       |     1 |       ||     1
       Invisible         |       |     1 |       ||     1
Armor: Leather armour    |    31 |     9 |       ||    40
       Chain mail        |       |     8 |    38 ||    46
       Skin              |       |     5 |       ||     5
Dodge: Dodged            |    56 |    41 |    29 ||   126
